 Dungeon Crawl Stone Soup version 0.29-a0-542-g075992c915 (webtiles) character file.

Game seed: 452214736695743986

329 dohliylev the Stinger (level 6, 0/32 HPs)
             Began as a Gargoyle Venom Mage on June 4, 2022.
             Shot with an arrow by a centaur (2 damage)
             ... on level 5 of the Dungeon.
             The game lasted 00:18:45 (6053 turns).

dohliylev the Stinger (Gargoyle Venom Mage)         Turns: 6053, Time: 00:18:45

Health: 0/32       AC:  8    Str: 12    XL:     6   Next: 51%
Magic:  4/11       EV: 12    Int: 17    God:
Gold:   201        SH:  0    Dex: 10    Spells: 2/12 levels left

rFire   . . .      SeeInvis .   (no weapon)
rCold   . . .      Faith    .   (no shield)
rNeg    + . .      Spirit   .   a - +0 robe
rPois   ∞          Reflect  .   m - +0 helmet
rElec   +          Harm     .   (no cloak)
rCorr   .          Rampage  .   k - +0 pair of gloves
Will    .....                   (no boots)
Stlth   ++........              (no amulet)
HPRegen 0.10/turn               (no ring)
MPRegen 0.12/turn               (no ring)

@: no status effects
A: sickness immunity, AC +4, negative energy resistance 1, electricity
resistance, torment resistance 1, petrification resistance
a: no special abilities


You were on level 5 of the Dungeon.
You visited 1 branch of the dungeon, and saw 5 of its levels.

You collected 201 gold pieces.

Inventory:

Armour
 a - a +0 robe (worn)
 k - a +0 pair of gloves (worn)
 m - a +0 helmet (worn)
Wands
 o - a wand of charming (10)
Scrolls
 c - a scroll of fear {unknown}
 d - a scroll of brand weapon {unknown}
 g - 2 scrolls of blinking {unknown}
 h - 2 scrolls of teleportation {unknown}
 i - a scroll of poison {unknown}
 j - a scroll of enchant weapon {unknown}
 l - a scroll of enchant armour {unknown}
 p - a scroll of vulnerability {unknown}
 q - a scroll of acquirement {unknown}
Potions
 b - 2 potions of magic
 e - a potion of lignification {unknown}
 f - 3 potions of curing {unknown}
 n - a potion of might {unknown}


   Skills:
 + Level 0.2 Fighting
 + Level 2.0 Dodging
 - Level 2.1 Stealth
 + Level 3.7 Spellcasting
 + Level 2.1 Transmutations
 + Level 1.7 Air Magic
 + Level 4.6 Poison Magic


You had 2 spell levels left.
You knew the following spells:

 Your Spells              Type           Power      Damage    Failure   Level
a - Sting                 Tmut/Pois      56%        1d5       4%          1
b - Poisonous Vapours     Pois/Air       28%        N/A       7%          2
c - Mephitic Cloud        Conj/Pois/Air  10%        N/A       21%         3
d - Olgreb's Toxic Radia  Pois           19%        N/A       24%         4

Your spell library contained the following spells:

 Spells                   Type           Power      Damage    Failure   Level
 Ignite Poison            Fire/Tmut/Pois 10%        N/A       19%         3
 Conjure Flame            Conj/Fire      3%         6-21      43%         3
 Gell's Gravitas          Tloc           3%         N/A       43%         3
 Lesser Beckoning         Tloc           3%         N/A       43%         3
 Teleport Other           Tloc           3%         N/A       43%         3
 Alistair's Intoxication  Tmut/Pois      9%         N/A       75%         5
 Sticky Flame             Conj/Fire      3%         2d3       85%         4
 Freezing Cloud           Conj/Ice/Air   2%         6-21      98%         5
 Borgnjor's Vile Clutch   Necr/Erth      1%         N/A       99%         5
 Eringya's Noxious Bog    Tmut/Pois      7%         N/A       99%         6


Dungeon Overview and Level Annotations

Branches:
Dungeon (5/15)
 Temple: D:4-7

Altars:
Yredelemnul

Shops:
D:2 =   D:4 (=:


Innate Abilities, Weirdness & Mutations

You are immune to sickness and miasma.
Your stone body is resilient. (AC +4)
You are immune to poison.
You resist negative energy. (rN+)
You are resistant to electric shocks. (rElec)
You are resistant to unholy torment.
You are immune to petrification.


Message History

Aim: a centaur (asleep) Poisonous vapours surround the centaur!
The centaur is poisoned.
The centaur wields a +0 shortbow.
The centaur shoots an arrow.
The arrow barely misses you.
Casting: Poisonous Vapours (safe; 7% risk of failure)
Confirm with . or Enter, or press ? or * to list all spells.
Aiming: Poisonous Vapours (safe; 7% risk of failure)
Press: ? - help, Dir - move target, f/p - centaur
Aim: a centaur, wielding a +0 shortbow (poisoned)
Okay, then.
Casting: Poisonous Vapours (safe; 7% risk of failure)
Confirm with . or Enter, or press ? or * to list all spells.
Aiming: Poisonous Vapours (safe; 7% risk of failure)
Press: ? - help, Dir - move target, f/p - centaur
Aim: a centaur, wielding a +0 shortbow (poisoned) Poisonous vapours surround the centaur!
The centaur looks even sicker.
The centaur shoots an arrow.
The arrow hits you!
Casting: Poisonous Vapours (safe; 7% risk of failure)
Confirm with . or Enter, or press ? or * to list all spells.
Aiming: Poisonous Vapours (safe; 7% risk of failure)
Press: ? - help, Dir - move target, f/p - centaur
Aim: a centaur, wielding a +0 shortbow (very poisoned) Poisonous vapours surround the centaur!
The centaur looks even sicker.
The centaur shoots an arrow.
The arrow hits you.
The centaur shoots an arrow.
The arrow hits you.
Unknown command.
Casting: Poisonous Vapours (safe; 7% risk of failure)
Confirm with . or Enter, or press ? or * to list all spells.
Aiming: Poisonous Vapours (safe; 7% risk of failure)
Press: ? - help, Dir - move target, f/p - centaur
Aim: a centaur, wielding a +0 shortbow (lightly wounded, very poisoned) Poisonous vapours surround the centaur!
The centaur looks as sick as possible!
The centaur shoots an arrow.
The arrow hits you!
* * * LOW HITPOINT WARNING * * *
The centaur shoots an arrow.
The arrow barely misses you.
The centaur shoots an arrow.
The arrow misses you.
There is an escape hatch in the floor here.
The centaur shoots an arrow.
The arrow barely misses you.
The centaur shoots an arrow.
The arrow hits you.
You die...

#####.# #.# ...
#.....#####.###....
#.#....<...........
#.#................
#.#................
#........######....
###........# ....
#.c........# ...
#.#..@.....# ..
#..#.##.#........#
#..c..c.#........#
#.##########.....#
#.....# #.....#
.....# .....#


You could see a centaur (very poisoned).

Vanquished Creatures
  A scorpion (D:5)
  A howler monkey (D:4)
  A hound (D:4)
  7 adders
  An ufetubus (D:4)
  3 worms
  6 dart slugs
  15 orcs
  6 ball pythons
  5 endoplasms
  4 giant cockroaches
  6 goblins
  4 hobgoblins
  3 jackals (D:2)
  8 quokkas
  9 bats
  3 frilled lizards
  7 kobolds
  8 rats
98 creatures vanquished.

Notes
Turn   | Place    | Note
-------+----------+-------------------------------------------
     0 | D:1      | dohliylev the Gargoyle Venom Mage began the quest for the
                  | Orb.
     0 | D:1      | Reached XP level 1. HP: 10/10 MP: 3/3
   140 | D:1      | Found a faded altar of an unknown god.
   160 | D:1      | Reached XP level 2. HP: 14/15 MP: 0/5
   169 | D:1      | Learned a level 2 spell: Poisonous Vapours
   793 | D:2      | Reached skill level 1 in Transmutations
   847 | D:2      | Reached XP level 3. HP: 10/19 MP: 0/6
  1351 | D:2      | Reached XP level 4. HP: 24/24 MP: 2/7
  1437 | D:2      | Reached skill level 1 in Air Magic
  1539 | D:2      | Found Ocvutsur's Jewellery Emporium.
  3132 | D:3      | Learned a level 3 spell: Mephitic Cloud
  3375 | D:3      | Reached XP level 5. HP: 25/28 MP: 0/9
  3541 | D:3      | Learned a level 4 spell: Olgreb's Toxic Radiance
  4150 | D:4      | Reached skill level 4 in Poison Magic
  4595 | D:4      | Reached XP level 6. HP: 29/32 MP: 0/11
  4994 | D:4      | Found Besoata's Weapon Shoppe.
  4998 | D:4      | Found Kivoeh Alao's Jewellery Boutique.
  5189 | D:4      | Found Finnaboja's Book Boutique.
  5378 | D:4      | Found a basalt altar of Yredelemnul.
  5880 | D:5      | Entered Level 5 of the Dungeon
  6047 | D:5      | HP: 1/32 [centaur/arrow (10)]
  6053 | D:5      | Shot with an arrow by a centaur

Illustrated notes

Levels and vault maps discovered:
D:1:      matt_arrival_refuge, layout_rooms, basic_ecumenical_altar
D:2:      layout_basic, serial_shops, shop
D:3:      layout_rooms, minmay_cut_off
D:4:      layout_gridville, marbit_many_paths, serial_shops, shop,
          nicolae_wooded_promenade
D:5:      layout_basic, kennysheep_generic_room_6

Skill      XL: |  1  2  3  4  5  6 |
---------------+-------------------+-----
Transmutations | 1 2 |  2.1
Air Magic      | 1 |  1.7
Spellcasting   | 3 |  3.7
Poison Magic   | 4 |  4.6
Dodging        | 2 |  2.0
Fighting       | |  0.2
Stealth        | |  2.1

Action                   |  1- 3 |  4- 6 || total
-------------------------+-------+-------++-------
Melee: Unarmed           |     6 |     4 ||    10
 Cast: Sting             |    35 |    85 ||   120
       Poisonous Vapours |    16 |    74 ||    90
       Olgreb's Toxic Ra |       |     5 ||     5
Armor: Robe              |    12 |    24 ||    36
Dodge: Dodged            |    21 |    39 ||    60

Table legend: (Time is in decaauts)
 A = Elapsed time spent in this place.
 B = Non-inter-level travel time spent in this place.
 C = Inter-level travel time spent in this place.
 D = Time resting spent in this place.
 E = Time spent auto-exploring this place.
 F = Levels seen in this place.
 G = Mean time per level.
                   A        B        C        D        E       F      G
               +--------+--------+--------+--------+--------+-----+--------+
         Total |   6052 |   5988 |     64 |   3137 |   2001 |   5 | 1210.4 |
       Dungeon |   6052 |   5988 |     64 |   3137 |   2001 |   5 | 1210.4 |
               +--------+--------+--------+--------+--------+-----+--------+

Top non-repeatable levels by time:
     D:2: 1900 daAuts
     D:4: 1741 daAuts
     D:3: 1463 daAuts
     D:1: 773 daAuts
     D:5: 172 daAuts
